 Dungeon Crawl Stone Soup version 0.29-a0-330-g52719c12eb (webtiles) character file.

Game seed: 9042174977863446432

11 jt the Sneak (level 2, 0/19 HPs)
             Began as a Gargoyle Delver on Apr 12, 2022.
             Was an Initiate of Okawaru.
             Killed by nerve-wracking pain
             ... invoked by Grinder
              (1 damage)
             ... on level 4 of the Dungeon.
             The game lasted 00:02:11 (568 turns).

jt the Sneak (Gargoyle Delver)                       Turns: 568, Time: 00:02:12

Health: 0/19       AC: 10    Str: 15    XL:     2   Next: 25%
Magic:  2/2        EV:  6    Int: 10    God:    Okawaru [......]
Gold:   23         SH:  0    Dex: 11    Spells: 1/1 levels left

rFire   . . .      SeeInvis .   a - +0 hand axe
rCold   . . .      Faith    .   (no shield)
rNeg    + . .      Spirit   .   d - +0 chain mail
rPois   ∞          Reflect  .   (no helmet)
rElec   +          Harm     .   (no cloak)
rCorr   .          Rampage  .   (no gloves)
Will    .....                   (no boots)
Stlth   ..........              (no amulet)
HPRegen 0.06/turn               (no ring)
MPRegen 0.08/turn               (no ring)

@: weak-willed
A: sickness immunity, AC +2, negative energy resistance 1, electricity
resistance, torment resistance 1, petrification resistance
a: Renounce Religion


You were on level 4 of the Dungeon.
You worshipped Okawaru.
Okawaru was noncommittal.
You visited 2 branches of the dungeon, and saw 3 of its levels.
You also visited: Ossuary.

You collected 23 gold pieces.

Inventory:

Hand Weapons
 a - a +0 hand axe (weapon)
Armour
 b - a +0 leather armour
 d - a +0 chain mail (worn)
Wands
 g - a wand of digging (3)
Scrolls
 c - a scroll of fog
 e - a scroll of fear


   Skills:
 - Level 3.2 Fighting
 + Level 2.6 Axes
 - Level 1.5 Dodging
 - Level 5.4 Stealth


You had one spell level left.
You didn't know any spells.
Your spell library was empty.

Dungeon Overview and Level Annotations

Branches:
Dungeon (5/15)             Temple (1/1) D:5         Ossuary (visited)

Altars:
Ashenzari
Cheibriados
Dithmenos
Makhleb
Okawaru
Qazlal
Trog
Uskayaw
Wu Jian
Zin

Annotations:
D:4 Grinder


Innate Abilities, Weirdness & Mutations

You are immune to sickness and miasma.
Your stone body is resilient. (AC +2)
You are immune to poison.
You resist negative energy. (rN+)
You are resistant to electric shocks. (rElec)
You are resistant to unholy torment.
You are immune to petrification.


Message History

Grinder comes into view.
Grinder shouts!
Okay, then.
It was a potion of heal wounds.
You feel much better.
Grinder says, "There's only one good use for a tongue: cutting it out."
Okay, then.
As you read the scroll labelled QAMACL PIGUIF, it crumbles to dust.
Magic quickly surges around you.
It was a scroll of vulnerability.
You closely miss Grinder. Grinder gestures at you.
You suddenly lose the ability to move!
You hear the brisk rusting of a distant drain.
Grinder hits you but does no damage. Grinder hits you but does no damage. x2
Grinder gestures at you.
You shrug off the repeated paralysis!
Grinder blinks!
You can move again.
You slash Grinder!
Grinder is lightly wounded.
Grinder barely misses you. Grinder hits you.
You writhe in agony.
You barely miss Grinder.
Grinder is lightly wounded.
Grinder hits you.
You writhe in agony.
You hit Grinder.
Grinder is moderately wounded.
Grinder hits you.
* * * LOW HITPOINT WARNING * * *
You writhe in agony.
* * * LOW HITPOINT WARNING * * *
You hit Grinder.
Grinder is moderately wounded.
Grinder gestures at you.
You barely resist. You hit Grinder.
Grinder is heavily wounded.
Grinder says, "My boss said I was rubbish.
His entrails said otherwise."
Grinder gestures at you. Pain shoots through your body!
You die...

♣...........>.....##
♣♣............##...#
♣♣###.......### ....
..#.<.......# #....
♣.#.........##.....
♣♣.#.........#....#
♣................##
♣..5...#.......#..#
##.@..###.........#
#.....#...##.........#
....#.##.....###..###..#
... ####..#..'_#...#....
. #..##..###......##
##.##...†.......#
...##..≈≈≈.....#
...###.♣≈≈≈♣....# ....#
#♣≈≈P≈≈≈..##


You could see Grinder (weak-willed).

Vanquished Creatures
  An orc (D:4)
  2 ball pythons (D:4)
  A giant cockroach (D:4)
  A goblin (D:4)
  A quokka (D:4)
  A goblin zombie (D:5)
  A hobgoblin zombie (Ossuary)
  A kobold zombie (Ossuary)
  A quokka zombie (D:5)
10 creatures vanquished.

Notes
Turn   | Place    | Note
-------+----------+-------------------------------------------
     0 | D:5      | jt the Gargoyle Delver began the quest for the Orb.
     0 | D:5      | Reached XP level 1. HP: 14/14 MP: 1/1
     9 | Temple   | Entered the Ecumenical Temple
    23 | Temple   | Became a worshipper of Warmaster Okawaru
   290 | D:5      | Found a sand-covered staircase.
   302 | D:5      | Reached XP level 2. HP: 9/19 MP: 2/2
   371 | Ossuary  | Entered an ossuary
   546 | D:4      | Found a stormy altar of Qazlal.
   554 | D:4      | Noticed Grinder
   557 | D:4      | Paralysed by Grinder for 7 turns
   568 | D:4      | Killed from afar by Grinder

Illustrated notes

Levels and vault maps discovered:
D:4:      layout_cave_pools, nicolae_kikubaaqudgha_miasma_corner,
          kennysheep_mini, serial_forest, infiniplex_forest_clump_long,
          infiniplex_forest_end_double, infiniplex_forest_clump_long,
          infiniplex_forest_fountain, infiniplex_forest_lined_ring,
          infiniplex_forest_clump_curved, infiniplex_forest_zigzag_1,
          infiniplex_forest_clump_cross, gup_sewer_entry_glass,
          serial_bayou_lake_a, uniq_grinder
D:5:      layout_basic, beargit_hepliaklqana_dungeon_heroes,
          mainiacjoe_overflow_catwalk_spiral, minmay_temple_entry_junction_2,
          enter_ossuary_4
Temple:   jpeg_temple_island

Skill      XL: |  1 |
---------------+----+-----
Axes           | 2 |  2.6
Fighting       | |  3.2
Dodging        | |  1.5
Stealth        | |  5.4

Action                   || total
-------------------------++-------
Melee: Hand axe          ||    53
       Punch             ||     1
  Use: Scroll            ||     2
       Potion            ||     2
Armor: Chain mail        ||    34
Dodge: Dodged            ||    23

Table legend: (Time is in decaauts)
 A = Elapsed time spent in this place.
 B = Non-inter-level travel time spent in this place.
 C = Inter-level travel time spent in this place.
 D = Time resting spent in this place.
 E = Time spent auto-exploring this place.
 F = Levels seen in this place.
 G = Mean time per level.
                   A        B        C        D        E       F      G
               +--------+--------+--------+--------+--------+-----+--------+
         Total |    563 |    551 |     12 |    294 |      0 |   4 |  140.8 |
       Dungeon |    422 |    422 |      0 |    212 |      0 |   2 |  211.0 |
        Temple |     27 |     15 |     12 |      0 |      0 |   1 |   27.0 |
       Ossuary |    113 |    113 |      0 |     82 |      0 |   1 |  113.0 |
               +--------+--------+--------+--------+--------+-----+--------+

Top non-repeatable levels by time:
     D:5: 259 daAuts
     D:4: 163 daAuts
 Ossuary: 113 daAuts
  Temple: 27 daAuts
